← All builds
Geo sea / Legion / Economy first / OBSERVED BUILD

Standard geo sea

Baseline cove-side sea play: bot lab then shipyard in the cove around 3:06, first Syracusia by 5:04, geothermal on time around 7:42 and an Advanced Metal Extractor to build up eco, transitioning into more Syracusia and Argonaut over the…

Usually shipyard in the cove (95%) · geo on time (86%)

#naval #eco · 21 distinct matches · 10 players · 44% of Legion Geo sea games · team won 43% of 21 · Recently observed

HOW TO PLAY IT

Key timing: First Syracusia by 5:18

  1. Take 3 mex and open into wind while starting the bot lab.
  2. Rush the bot lab finish for early defense on the coast.
  3. Get the shipyard up to start frigate production.
  4. Push the first Syracusia frigate out for sea control.
  5. Layer geothermal and advanced mex, then keep feeding the Syracusia navy.

Phase by phase

TYPICAL OF ITS 21 GAMES · AGAINST STANDARD GEO SEA
  1. 1
  2. 2
  3. 3
  4. 4
PLAY THE OPENING

Follow the example game's first 6:00 step by step: what to build now, what comes next, and where it goes. At 1× it keeps pace with your own game.

  1. 1

    Up to the Legion Bot Lab

    Economy
    • Metal Extractor3Mex
    Order
    1. Legion Bot LabLegion Bot Lab after 3 mexdone ~1:07, middle half 0:57–1:16

    Some games also: solar (48%) · wind (48%)

    The standard build makes here, this one skips: 3 wind

    By 0:50 in all: 3 mex

    The example game in this phase · 3 steps
    1. Mex ×3
    2. Solar ×2
    3. Legion Bot LabLegion Bot Labdone 1:06 · typical 1:07
  2. 2

    Legion Bot Lab to Shipyard

    Economy
    • Metal Extractor1Mex
    Order
    1. ShipyardShipyard after 4 mex, 3 wind, 1 solardone ~2:54, middle half 2:34–3:33
    Builders
    • Zagreus3 Zagreus
    • Legion Construction Bot3 Legion Construction Bot

    Some games also: wind (48%) · con turret (38%)

    The standard build makes here, this one skips: 3 wind

    By 2:33 in all: 4 mex · 3 wind (standard 5) · 1 solar

    The example game in this phase · 9 steps
    1. ZagreusZagreus
    2. Windfor Air
    3. Legion Construction BotLegion Construction Bot
    4. Windfor Air
    5. Legion Construction BotLegion Construction Bot
    6. ZagreusZagreus
    7. Legion Construction BotLegion Construction Bot
    8. ZagreusZagreus
    9. ShipyardShipyarddone 2:48 · typical 2:54
  3. 3

    Shipyard to 5:00

    Economy
    • Metal Extractor5Mex
    • Wind Turbine2Wind
    Builders
    • Construction Ship1 Con ship
    Army
    • Pharos1 Pharos
    • Argonaut2 Argonaut
    • Syracusia1 Syracusia

    Some games also: con turret (48%) · converter (43%) · Legion Drone (38%) · Radar Tower (38%) · Hippocampus (38%)

    The standard build makes here, this one skips: 2 converter · 2 Radar Tower

    By 5:00 in all: 8 mex · 4 wind (standard 8) · 1 solar · 1 energy storage · 1 con turret

    The example game in this phase · 20 steps
    1. Mex ×2
    2. Construction ShipCon ship
    3. ArgonautArgonaut
    4. Mex
    5. BrambleBramble
    6. ArgonautArgonaut
    7. Con turret
    8. Mex
    9. ArgonautArgonaut
    10. Mex
    11. BrambleBramble
    12. ArgonautArgonaut
    13. Radar TowerRadar Tower
    14. DionysusDionysus
    15. Mex ×3
    16. ArgonautArgonaut
    17. Wind
    18. PharosPharos
    19. IapetusIapetus
    20. Wind
  4. 4

    5:00 to 10:00

    Economy
    • Metal Extractor1Mex−2 vs standard
    • Wind Turbine14Wind
    • Energy Converter3Converter+3 vs standard
    • Energy Storage1Energy storage
    Order
    1. Geothermal PowerplantGeo after 9 mex, 8 wind, 3 converter
    Builders
    • Construction Turret2 Con turret
    • Dionysus1 Dionysus
    Army
    • Pharos1 Pharos −2 vs standard
    • Legion Drone10 Legion Drone

    Some games also: con ship (43%)

    The standard build makes here, this one skips: 2 Bramble

    By 10:00 in all: 9 mex · 18 wind · 1 solar · 1 geo · 5 converter · 1 energy storage

    The example game in this phase · 107 steps
    1. SyracusiaSyracusiadone 5:52 · typical 5:07
    2. Wind
    3. Mex
    4. PharosPharos
    5. ArgonautArgonaut
    6. Geothermal PowerplantGeodone 7:11 · typical 7:33
    7. Wind
    8. Legion DroneLegion Drone
    9. DionysusDionysus
    10. Wind ×2
    11. Mex
    12. Legion DroneLegion Drone
    13. ArgonautArgonaut
    14. Con turret
    15. Wind ×3
    16. SthenoStheno
    17. Wind
    18. SyracusiaSyracusia
    19. PharosPharos
    20. Wind
    21. Advanced solar
    22. Advanced Metal ExtractorT2 mexdone 9:28 · typical 9:04
    23. Legion DroneLegion Drone
    24. SthenoStheno
    25. SyracusiaSyracusia
    26. Legion DroneLegion Drone
    27. Wind
    28. Energy storage
    29. ArgonautArgonaut
    30. Legion DroneLegion Drone
    31. Wind
    32. Con turret
    33. SthenoStheno
    34. Legion DroneLegion Drone
    35. Converter
    36. Legion DroneLegion Drone
    37. Wind
    38. Legion DroneLegion Drone
    39. IapetusIapetus
    40. Wind
    41. Legion DroneLegion Drone ×2
    42. Advanced Metal ExtractorT2 mex
    43. DionysusDionysus
    44. Wind
    45. Legion DroneLegion Drone
    46. Wind
    47. Legion DroneLegion Drone ×4
    48. Mex
    49. Legion DroneLegion Drone
    50. DionysusDionysus
    51. Wind
    52. Advanced Metal ExtractorT2 mex
    53. Wind
    54. Legion DroneLegion Drone
    55. Wind ×2
    56. Mex ×2
    57. Legion DroneLegion Drone
    58. Energy storage
    59. DionysusDionysus
    60. PharosPharos
    61. Legion DroneLegion Drone
    62. Energy storage
    63. SthenoStheno
    64. PharosPharos
    65. DionysusDionysus
    66. PharosPharos
    67. DionysusDionysus
    68. RiptideFrigatedone 11:06
    69. Advanced Metal ExtractorT2 mex
    70. IapetusIapetus
    71. PharosPharos
    72. Con turret
    73. SyracusiaSyracusia
    74. Mex
    75. RiptideFrigate
    76. Con turret
    77. Advanced solar
    78. RiptideFrigate
    79. PharosPharos
    80. Advanced solar
    81. Naval Radar / Sonar TowerNaval Radar / Sonar Tower
    82. Legion DroneLegion Drone
    83. SyracusiaSyracusia
    84. Advanced solar
    85. SthenoStheno
    86. Legion DroneLegion Drone ×2
    87. SyracusiaSyracusia
    88. Advanced Metal ExtractorT2 mex
    89. OppressorDestroyerdone 12:48
    90. Legion DroneLegion Drone
    91. Naval Radar / Sonar TowerNaval Radar / Sonar Tower
    92. HerringMissile corvette
    93. Legion DroneLegion Drone
    94. SyracusiaSyracusia
    95. Mex
    96. Legion DroneLegion Drone ×6
    97. LuparaLupara
    98. Legion DroneLegion Drone
    99. LuparaLupara
    100. Construction ShipCon ship
    101. RiptideFrigate
    102. LuparaLupara
    103. PrudePrudenot finished by 15:00
    104. Advanced ShipyardAdvanced Shipyardnot finished by 15:00
    105. DionysusDionysus
    106. RiptideFrigate
    107. IapetusIapetus

Counts are medians over the build's games: half of them build more, half fewer. The example game is KingBenjai's (44 OS, 30/08/2026); pick another.

Team trades

IN AT LEAST 30% OF ITS GAMES

You hand over

  • Wind Turbine2 Wind to Airfirst at 1:41 · in 57% of games

You get

  • Finch1 Finch from Airfirst at 1:49 · in 52% of games
  • Hercules1 Light transport from Airfirst at 2:03 · in 33% of games
  • Advanced Construction Bot1 T2 con bot from Techfirst at 7:28 · in 71% of games

How it plays out

Typical game of this build, running totals by minute

Metal produced

010k20k30k
0:005:0010:0015:00

metal

Enemy metal destroyed

05k10k
0:005:0010:0015:00

metal

Own metal lost

02k4k
0:005:0010:0015:00

metal

21 games.

Show as table
ByMetal produced: This buildEnemy metal destroyed: This buildOwn metal lost: This build
1:0039500
2:0092700
3:00162700
4:0028655151
5:00401419052
6:005343540102
7:006793620170
8:0084071441320
9:00102921704417
10:001223924351056
11:001491332351780
12:001794336352261
13:002024852952375
14:002356863333776
15:002741389533776
WHAT THE NUMBERS SAY

Standard geo sea sits near an even split on wins while destroying more metal than it loses by 15:00, typical for a contested sea role.

  • + Enemy metal destroyed reaches 7775 by 15:00 against 4863 lost.
  • + Syracusia dominates army composition at 43%, showing a clear naval focus.
  • − Team win rate is only 47%, essentially a coin flip.
  • − T2 factory only completes in 32% of games, so tech transition often stalls.
THE EXAMPLE YOU ARE READING

KingBenjai

44.3 OS · 30/08/2026

Open source match ↗

4 received units · includes a constructor
1403 metal received · 31952 energy received

Allied construction assistance is unknown. Timings are observations, not a promise of solo reproducibility.

Typical milestones

Legion Bot Lab1:07Middle 50%: 0:57–1:16 · n=21
Shipyard2:54Middle 50%: 2:34–3:33 · n=21
Syracusia5:07Middle 50%: 4:38–5:43 · n=21
Geothermal Powerplant7:33Middle 50%: 6:54–9:48 · n=21
Advanced Metal Extractor9:04Middle 50%: 8:36–9:27 · n=14

Played most by

KingBenjai9games of this buildHighlyRegarded2games of this buildPRO_Rerory2games of this buildRysica2games of this buildarmjanus1game of this build